Map: [ESL] Dragon Scales

Players

GuMiho - Winner!

  • Race: Terran Terran
  • Spawn Location: 5:00

Serral

  • Race: Zerg Zerg
  • League: Diamond
  • Spawn Location: 11:00

Event: ESL SC2 Masters 2023 Summer (Finals)

VOD

Have the link to the VOD?

Description

Time

  • Played on: June 18, 2023, 1:33 p.m.
  • Length: 7:51

All games in this series

Show
View Real Time Build Order
Export as new Build Order

GuMiho Terran - Winner!

Build Orders:  

Get SALT Encoding   

  12  0:00  SCV  
  13  0:12  SCV  
  14  0:17  Supply Depot  
  14  0:24  SCV  
  15  0:39  Barracks  
  15  0:43  Refinery  
  15  0:55  Barracks  
  15  0:59  SCV  
  17  1:11  SCV  
  17  1:12  Refinery  
  17  1:23  SCV  
  18  1:26  Reaper  
  19  1:35  Orbital Command  
  19  1:42  Reaper  
  20  1:52  Supply Depot  
  20  1:58  Reaper  
  21  2:02  SCV  
  22  2:14  Reaper  
  23  2:30  Factory, Reaper  
  23  2:34  SCV  
  25  2:46  SCV, Reaper  
  27  2:52  Supply Depot  
  27  2:58  SCV  
  27  3:02  Reaper  
  29  3:10  SCV  
  30  3:18  Reaper  
  31  3:22  SCV, Factory Reactor  
  31  3:25  Starport  
  32  3:40  Command Center  
  32  3:50  SCV  
  33  3:59  Hellion x2  
  33  4:01  Viking  
  39  4:06  Supply Depot  
  39  4:17  Fusion Core  
  39  4:28  SCV  
  39  4:30  Hellion x2  
  44  4:31  Supply Depot  
  44  4:32  Starport Tech Lab  
  44  4:40  SCV  
  45  4:52  SCV  
  50  5:06  Battlecruiser  
  52  5:08  Refinery  
  52  5:11  SCV  
  53  5:15  Hellion x2  
  57  5:27  SCV  
  57  5:28  Orbital Command  
  57  5:39  SCV  
  62  5:44  Weapon Refit  
  62  5:48  Starport  
  58  5:52  Refinery, SCV  
  58  5:53  SCV  
  60  6:00  Supply Depot  
  60  6:05  SCV x2  
  62  6:15  Supply Depot  
  62  6:21  SCV  
  63  6:26  Battlecruiser  
  63  6:30  SCV  
  70  6:33  SCV, Supply Depot  
  67  6:42  SCV  
  67  6:45  SCV  
  67  6:46  Starport Tech Lab  
  67  6:54  SCV  
  67  6:57  SCV  
  67  6:59  Hellion x2  
  77  7:13  SCV x2  
  74  7:18  Supply Depot  
  74  7:27  SCV x2  
Show
View Real Time Build Order
Export as new Build Order

Serral Zerg 

Build Orders: Hatch First 

Get SALT Encoding   

  12  0:00  Drone  
  13  0:12  Overlord  
  13  0:17  Drone  
  14  0:30  Drone  
  14  0:31  Drone  
  16  0:47  Hatchery  
  15  0:51  Drone  
  15  0:54  Drone  
  17  0:57  Drone  
  18  1:08  Extractor  
  17  1:13  Spawning Pool  
  17  1:16  Drone  
  17  1:19  Drone  
  18  1:27  Drone  
  19  1:38  Drone  
  20  1:49  Drone  
  21  1:59  Queen x2  
  21  2:00  Zergling x4  
  27  2:12  Spore Crawler  
  27  2:14  Spore Crawler  
  25  2:15  Spore Crawler, Metabolic Boost  
  25  2:18  Zergling x2  
  25  2:23  Zergling x2  
  25  2:29  Spine Crawler  
  26  2:30  Zergling x4  
  28  2:39  Overlord  
  28  2:50  Overlord  
  28  2:57  Queen  
  30  2:59  Zergling x4  
  30  3:03  Extractor  
  30  3:04  Extractor  
  29  3:13  Drone x3  
  31  3:20  Drone  
  34  3:27  Drone x4  
  34  3:31  Zergling x2  
  39  3:37  Overlord  
  39  3:41  Zergling x2  
  40  3:46  Zergling x2  
  41  3:49  Zergling x2  
  44  3:58  Zergling x2  
  45  4:07  Hatchery  
  45  4:08  Drone x4  
  46  4:13  Drone x2  
  48  4:19  Drone x3  
  51  4:26  Overlord  
  51  4:43  Drone  
  51  4:44  Queen x2  
  56  4:47  Overlord  
  55  4:57  Roach Warren  
  55  4:59  Overlord x2  
  54  5:06  Drone x2  
  54  5:07  Drone x2  
  58  5:08  Zergling x4  
  60  5:15  Overlord  
  60  5:29  Drone x4  
  60  5:35  Lair  
  64  5:37  Extractor x2  
  64  5:38  Drone  
  64  5:39  Drone  
  64  5:45  Hatchery  
  64  5:49  Drone  
  64  5:51  Spore Crawler  
  64  5:53  Drone x5  
  64  5:56  Overlord  
  67  5:58  Evolution Chamber  
  67  6:01  Overlord  
  67  6:03  Drone  
  67  6:10  Overlord  
  67  6:13  Overlord  
  67  6:16  Spore Crawler  
  66  6:20  Queen  
  68  6:28  Roach  
  68  6:29  Roach x2  
  76  6:33  Roach  
  76  6:36  Spore Crawler  
  76  6:39  Hatchery  
  64  6:41  Roach x2  
  67  6:50  Drone x5  
  67  6:53  Drone  
  70  7:00  Drone  
  70  7:01  Drone x2  
  67  7:07  Drone  
  65  7:12  Drone  
  63  7:20  Drone  
  63  7:21  Drone  
  63  7:22  Overseer  
  65  7:26  Drone  
  65  7:27  Drone  
  67  7:34  Drone  
  67  7:35  Drone x4  
  72  7:43  Spore Crawler  
Tags
 
Add a new tag
Caveats
  • Supply blocks, unpowered buildings, or Contaminate may cause inaccurate times.
  • Supply counts are checked every 10 seconds.